 Dungeon Crawl Stone Soup version 0.27-a0-668-gb5737ff2c0 (webtiles) character file.

Game seed: 10731992474723803884

2 rageheart7 the Covered (level 1, -1/19 HPs)
             Began as a Barachi Fighter on Mar 18, 2021.
             Slain by a leopard gecko (2 damage)
             ... on level 1 of the Dungeon.
             The game lasted 00:00:22 (65 turns).

rageheart7 the Covered (Barachi Fighter)              Turns: 65, Time: 00:00:22

Health: -1/19      AC:  7    Str: 17    XL:     1   Next: 40%
Magic:  1/1        EV:  7    Int:  8    God:
Gold:   25         SH:  9    Dex: 11    Spells: 0/0 levels left

rFire    . . .     SeeInvis .   a - +0 long sword
rCold    . . .     Faith    .   c - +0 kite shield
rNeg     . . .     Spirit   .   b - +0 scale mail
rPois    .         Reflect  .   (no helmet)
rElec    .         Harm     .   (no cloak)
rCorr    .         Rampage  .   (no gloves)
Will     .....                  (no boots)
Stlth    ..........             (no amulet)
HPRegen  0.06/turn              (no ring)
MPRegen  0.07/turn              (no ring)

@: slow
A: +LOS, amphibious, slowness 1, strong legs 1
a: Hop


You were on level 1 of the Dungeon.
You visited 1 branch of the dungeon, and saw 1 of its levels.

You collected 25 gold pieces.

Inventory:

Hand Weapons
 a - a +0 long sword (weapon)
Armour
 b - a +0 scale mail (worn)
 c - a +0 kite shield (worn)
Potions
 d - a potion of might


   Skills:
 * Level 3.7 Fighting
 * Level 2.5 Long Blades
 + Level 3.7 Armour
 - Level 3.2 Shields


You couldn't memorise any spells.
You didn't know any spells.
Your spell library was empty.

Dungeon Overview and Level Annotations

Branches:
Dungeon (1/15)

Altars:


Innate Abilities, Weirdness & Mutations

You can be seen from farther away. (+LOS)
You are amphibious.
You cover ground slowly.
You can hop short distances.


Message History

Found a silvery potion.
No target in view!
No target in view!
No target in view!
No target in view!
No target in view!
No target in view!
No target in view!
No target in view!
No target in view!
No target in view!
No target in view!
No target in view!
No target in view!
No target in view!
No target in view!
No target in view!
A leopard gecko comes into view.
The dart slug launches a dart at you. The slug dart hits you!
A hobgoblin comes into view. It is wielding a +0 club.
The hobgoblin shouts!
The dart slug launches a dart at you. You block the slug dart.
You hit the dart slug.
The dart slug is lightly wounded.
The leopard gecko bites you. The dart slug barely misses you.
You are too injured to fight recklessly!
You hit the dart slug.
The dart slug is heavily wounded.
The leopard gecko bites you but does no damage.
The dart slug bites you but does no damage.
The leopard gecko closely misses you.
You hit the dart slug.
You kill the dart slug!
The leopard gecko bites you. You block the leopard gecko's attack.
The hobgoblin hits you with a +0 club.
* * * LOW HITPOINT WARNING * * *
You closely miss the hobgoblin. The leopard gecko bites you.
You die...

...... . ...... .##.
...... ##..... .......
....#.# ....... .......
...!...#####.#.....
........#$.....##.#
.......l..#....##.#
.......g@...#..##.#
.........#....# #.#
.............####.#####
......................#
.........#.#......)...#
...........##.........#
..........###.........#
.........( #.............
.###########'###########.


You could see a leopard gecko and a hobgoblin.

Vanquished Creatures
  A dart slug (D:1)
1 creature vanquished.

Notes
Turn   | Place    | Note
-------+----------+-------------------------------------------
     0 | D:1      | rageheart7 the Barachi Fighter began the quest for the Orb.
     0 | D:1      | Reached XP level 1. HP: 18/18 MP: 1/1
    65 | D:1      | Slain by a leopard gecko

Illustrated notes

Levels and vault maps discovered:
D:1:      giann_wishing_wells, layout_rooms, columned_hall_lemuel

Action                   || total
-------------------------++-------
Melee: Long sword        ||     4
Armor: Scale mail        ||     3
Dodge: Dodged            ||     2
Block: Kite shield       ||     2

Table legend: (Time is in decaauts)
 A = Elapsed time spent in this place.
 B = Non-inter-level travel time spent in this place.
 C = Inter-level travel time spent in this place.
 D = Time resting spent in this place.
 E = Time spent auto-exploring this place.
 F = Levels seen in this place.
 G = Mean time per level.
                   A        B        C        D        E       F      G
               +--------+--------+--------+--------+--------+-----+--------+
         Total |     77 |     77 |      0 |      0 |     65 |   1 |   77.0 |
       Dungeon |     77 |     77 |      0 |      0 |     65 |   1 |   77.0 |
               +--------+--------+--------+--------+--------+-----+--------+

Top non-repeatable levels by time:
     D:1: 77 daAuts
